 Dungeon Crawl Stone Soup version 0.30-a0-359-gd0147acb1a (webtiles) character file.

Game seed: 15862608393833914036

3691 KarmaKiller the Cleaver (level 10, -3/91 HPs)
             Began as a Naga Fighter on Nov 11, 2022.
             Was a Believer of Ru.
             Slain by a blink frog (14 damage)
             ... on level 1 of the Lair of Beasts.
             The game lasted 01:00:18 (6960 turns).

KarmaKiller the Cleaver (Naga Fighter)              Turns: 6960, Time: 01:00:18

Health: -3/91      AC: 13    Str: 24    XL:     10   Next: 13%
Magic:  10/10      EV:  6    Int: 11    God:    Ru [**....]
Gold:   181        SH:  6    Dex: 10    Spells: 9/9 levels left

rFire   x . .      SeeInvis +    E - +4 morningstar "Junen" {venom, rPois rF- Int+3}
rCold   . . .      Faith    .    c - +1 buckler
rNeg    . . .      Spirit   .    m - +2 chain mail
rPois   +          Reflect  .    w - +1 helmet
rElec   .          Harm     .    (no cloak)
rCorr   .          Rampage  .    (no gloves)
Will    +....                    (no barding)
Stlth   ..........               s - amulet of regeneration
HPRegen 1.15/turn                (no ring)
MPRegen 0.12/turn                (no ring)

@: extremely horrified, very slow
A: AC +3, large, see invisible, deformed body, poison resistance, slowness 2,
spit poison 1, cowardly, no fire magic, no hexes magic, no necromancy magic,
naga tail 1
a: Spit Poison, Renounce Religion


You were on level 1 of the Lair of Beasts.
You worshipped Ru.
Ru was pleased with you.
You visited 2 branches of the dungeon, and saw 9 of its levels.

You collected 443 gold pieces.
You spent 262 gold pieces at shops.

Inventory:

Hand Weapons
 a - a +0 war axe of flaming
 b - a +1 falchion of protection
 j - a +2 whip of draining
 l - a +0 dagger of pain
 n - a +1 dagger of protection
 r - a +4 dire flail
 A - a +1 hand axe of flaming
 B - a +2 dagger of holy wrath
 C - a +2 dire flail
 E - the +4 morningstar "Junen" (weapon) {venom, rPois rF- Int+3}
   (You found it on level 7 of the Dungeon)

   It poisons the flesh of those it strikes.
   Int:       It affects your intelligence (+3).
   rF:        It makes you vulnerable to fire.
   rPois:     It protects you from poison.
Missiles
 f - 14 poisoned darts
 u - 2 throwing nets
 x - 2 curare-tipped darts
Armour
 c - a +1 buckler (worn)
 m - a +2 chain mail (worn)
 w - a +1 helmet (worn)
 y - a +0 plate armour
 D - +0 steam dragon scales
Magical Staves
 e - a staff of cold
 h - a staff of earth
 v - a staff of fire
Jewellery
 p - a ring of wizardry
 s - an amulet of regeneration (around neck)
Wands
 i - a wand of flame (15)
 F - a wand of paralysis (5)
Scrolls
 d - a scroll of poison {unknown}
 o - 2 scrolls of fear
 q - a scroll of teleportation
Potions
 g - a potion of lignification
 t - 2 potions of flight
 z - a potion of brilliance {unknown}
 G - a potion of degeneration {unknown}
 H - a potion of berserk rage {unknown}


   Skills:
 + Level 6.0 Fighting
 + Level 9.6(10.0) Axes
 + Level 4.1(7.4) Maces & Flails
 + Level 5.8 Armour
 + Level 1.0 Dodging
 + Level 2.6 Stealth
 + Level 5.1 Shields


You had 9 spell levels left.
You didn't know any spells.
Your spell library contained the following spells:

 Spells                   Type           Power      Damage    Failure   Level
 Magic Dart               Conj           0%         1d3       95%         1
 Blink                    Tloc           0%         N/A       99%         2
 Poisonous Vapours        Pois/Air       0%         N/A       99%         2
 Searing Ray              Conj           0%         2d4       99%         2
 Mephitic Cloud           Conj/Pois/Air  0%         N/A       100%        3
 Manifold Assault         Tloc           0%         N/A       100%        4
 Storm Form               Tmut/Air       0%         N/A       100%        7
 Cigotuvi's Dreadful Rot  Necr/Pois/Air  Unusable   N/A       N/A         2
 Fulminant Prism          Conj/Hex       Unusable   3d5       N/A         4

Dungeon Overview and Level Annotations

Branches:
Dungeon (8/15)             Temple (0/1) D:4            Lair (1/5) D:8

Altars:
Ru
Yredelemnul

Shops:
D:6 *

Annotations:
D:5 3 runed translucent doors, DeathPants's ghost, novice MiGl; indyram44's ghost, weakling AtDe; osoart's ghost, amateur MiHu


Innate Abilities, Weirdness & Mutations

Your serpentine skin is tough. (AC +3)
You have supernaturally acute eyesight. (SInv)
Armour fits poorly on your strangely shaped body.
Your system is resistant to poisons. (rPois)
You cover ground very slowly.
You can spit poison.
Your cowardice makes you less effective in combat with threatening foes.
You cannot study or cast Fire magic.
You cannot study or cast Hexes magic.
You cannot study or cast Necromancy magic.
You have a snake-like lower body.


Message History

The blink frog closely misses you.
The blink frog blinks!
The blink frog hits you!
You miss the blink frog.
The blink frog is heavily wounded.
The blink frog begins to attack, but is stunned by your conviction!
The blink frog hits you.
The blink frog blinks!
You feel better.
You redirect the blink frog's attack!
You closely miss the blink frog.
The blink frog blinks!
The blink frog hits you.
Monsters!
Monsters everywhere!
You have to get out of here!
You puncture the blink frog!
You kill the blink frog!
The blink frog hits you!
Your Shields skill increases to level 5!
You barely miss the blink frog.
The blink frog is moderately wounded.
The blink frog hits you but does no damage. x2
You miss the blink frog.
The blink frog is moderately wounded.
The blink frog blinks!
You closely miss the blink frog. The blink frog hits you!
* * * LOW HITPOINT WARNING * * *
The blink frog begins to attack, but is stunned by your conviction!
You hit the blink frog.
The blink frog is poisoned.
The blink frog is lightly wounded.
The blink frog is stunned by your conviction and fails to attack.
The blink frog hits you!
* * * LOW HITPOINT WARNING * * *
The blink frog blinks! x2
You hit the blink frog.
The blink frog looks as sick as possible!
The blink frog is moderately wounded.
The blink frog hits you.
* * * LOW HITPOINT WARNING * * *
You block the blink frog's attack.
You miss the blink frog.
The blink frog is moderately wounded.
The blink frog blinks!
The blink frog hits you!
You die...

... .. .. #.. . #.# #?#
# # ##### #.# ### .#..
#.#.### ##.###@# #..:.
......# #...§F###.....
......#####...YY##...8..
......##.......F#.......
.......#.#P...##..!...#
........####..#..8..###
......### 8..#..........
.###.## ...............
## ### #8.>....8.>.8.Y8.


You could see 2 yaks and 2 blink frogs.

Vanquished Creatures
  A polar bear (Lair:1)
  A blink frog (Lair:1)
  A yak (Lair:1)
  2 steam dragons (D:8)
  An orc warrior (D:6)
  A sky beast (D:7)
  3 ice beasts
  A black bear (D:4)
  2 ogres (D:5)
  4 centaurs (D:7)
  A phantom (D:4)
  2 kobold brigands
  A bullfrog (D:6)
  4 scorpions
  3 wights (D:6)
  2 howler monkeys
  4 jellies
  4 orc priests
  A gnoll bouda (D:6)
  A hound (D:6)
  6 iguanas
  11 orc wizards
  5 gnolls (D:6)
  9 adders
  A howler monkey simulacrum (D:8)
  2 white imps
  3 ufetubi
  2 dart slugs
  28 orcs
  4 ball pythons
  4 endoplasms
  7 giant cockroaches
  5 goblins
  4 hobgoblins
  15 kobolds
  3 quokkas
  2 bats (D:1)
  2 frilled lizards
  6 rats
159 creatures vanquished.

Vanquished Creatures (collateral kills)
  2 wights (D:6)
2 creatures vanquished.

Vanquished Creatures (others)
  An ice beast (D:8)
1 creature vanquished.

Grand Total: 162 creatures vanquished

Notes
Turn   | Place    | Note
-------+----------+-------------------------------------------
     0 | D:1      | KarmaKiller the Naga Fighter began the quest for the Orb.
     0 | D:1      | Reached XP level 1. HP: 21/21 MP: 1/1
   478 | D:1      | Reached XP level 2. HP: 28/28 MP: 2/2
  1179 | D:2      | Reached XP level 3. HP: 34/34 MP: 3/3
  1798 | D:3      | Found a sacrificial altar of Ru.
  1815 | D:3      | Reached skill level 3 in Axes
  1815 | D:3      | Reached XP level 4. HP: 39/42 MP: 4/4
  1825 | D:3      | Became a worshipper of Ru the Awakened
  1933 | D:3      | Found a basalt altar of Yredelemnul.
  2124 | D:4      | Noticed a black bear
  2130 | D:4      | Reached XP level 5. HP: 35/49 MP: 5/5
  2133 | D:4      | Killed a black bear
  2134 | D:4      | Reached skill level 4 in Axes
  2135 | D:4      | Reached XP level 6. HP: 40/57 MP: 6/6
  2237 | D:4      | Reached skill level 5 in Axes
  2312 | D:4      | Reached XP level 7. HP: 32/63 MP: 7/7
  2695 | D:4      | Found a staircase to the Ecumenical Temple.
  2893 | D:5      | Entered Level 5 of the Dungeon
  2969 | D:5      | Found a runed translucent gate.
  2970 | D:5      | Found a runed translucent gate.
  2971 | D:5      | Found a runed translucent gate.
  2971 | D:5      | Noticed DeathPants's ghost (novice MiGl)
  2971 | D:5      | Noticed indyram44's ghost (weakling AtDe)
  2971 | D:5      | Noticed osoart's ghost (amateur MiHu)
  3045 | D:5      | Reached skill level 6 in Axes
  3087 | D:5      | Gained mutation: Your cowardice makes you less effective in
                  | combat with threatening foes. [Ru sacrifice]
  3087 | D:5      | Reached * piety under Ru
  3464 | D:5      | Reached skill level 1 in Stealth
  3464 | D:5      | Reached XP level 8. HP: 56/73 MP: 8/8
  4590 | D:6      | Reached skill level 7 in Axes
  4615 | D:6      | Found Ytacal's Assorted Antiques.
  4624 | D:6      | Bought a shiny helmet for 262 gold pieces
  4914 | D:6      | Reached skill level 5 in Fighting
  4970 | D:6      | Reached skill level 8 in Axes
  5148 | D:6      | Reached XP level 9. HP: 27/79 MP: 9/9
  5154 | D:6      | Reached skill level 9 in Axes
  5833 | D:7      | Identified the +4 morningstar "Junen" {venom, rPois rF-
                  | Int+3}
  5976 | D:7      | Gained mutation: You cannot study or cast Fire magic. [Ru
                  | sacrifice]
  5976 | D:7      | Gained mutation: You cannot study or cast Hexes magic. [Ru
                  | sacrifice]
  5976 | D:7      | Gained mutation: You cannot study or cast Necromancy magic.
                  | [Ru sacrifice]
  5976 | D:7      | Reached ** piety under Ru
  6124 | D:7      | Reached skill level 5 in Armour
  6512 | D:8      | Reached skill level 1 in Maces & Flails
  6878 | D:8      | Found a staircase to the Lair.
  6893 | Lair:1   | Entered Level 1 of the Lair of Beasts
  6915 | Lair:1   | Noticed a polar bear
  6920 | Lair:1   | Killed a polar bear
  6921 | Lair:1   | Reached skill level 1 in Dodging
  6921 | Lair:1   | Reached XP level 10. HP: 91/91 MP: 10/10
  6955 | Lair:1   | Reached skill level 5 in Shields
  6960 | Lair:1   | Slain by a blink frog

Illustrated notes

Levels and vault maps discovered:
D:1:      dpeg_arrival_boxes_within_box, layout_basic, solitary_fountain
D:2:      kennysheep_big_flooded_room, layout_rooms
D:3:      layout_rooms, overflow_temple_1_default,
          nicolae_ru_great_annihilating_truth
D:4:      layout_rooms, minmay_temple_entry_statues, minmay_close_crescents
D:5:      layout_gridville, gammafunk_ghost_cemetery
D:6:      layout_loops_ring, serial_shops, nicolae_shop_trees
D:7:      layout_gridville, hangedman_decor_points
D:8:      layout_loops_ring, lair_entry_dummy, serial_ice, serial_ice_a,
          serial_ice_f, serial_ice_i, serial_ice_c
Lair:1:   layout_roguey, grunt_megastairs_3, lemuel_fruit_tree,
          infiniplex_staircase_pool_2

Skill      XL: |  1  2  3  4  5  6  7  8  9 10 |
---------------+-------------------------------+-----
Shields        | 3 4 5 |  5.1
Axes           | 3 4 5 6 8 9 |  9.6
Armour         | 3 4 5 |  5.8
Fighting       | 4 5 6 |  6.0
Stealth        | 1 2 |  2.6
Maces & Flails | 3 4 |  4.1
Dodging        | 1 |  1.0

Action                   |  1- 3 |  4- 6 |  7- 9 | 10-12 || total
-------------------------+-------+-------+-------+-------++-------
Melee: War axe           |    61 |    53 |   216 |       ||   330
       Morningstar       |       |       |    78 |    22 ||   100
Invok: Sacrifice Courage |       |       |     1 |       ||     1
       Sacrifice Arcana  |       |       |     1 |       ||     1
 Abil: Spit Poison       |    15 |     8 |    30 |     1 ||    54
Evoke: Wand              |       |       |     2 |     1 ||     3
  Use: Scroll            |    12 |       |     9 |     2 ||    23
       Potion            |     1 |     1 |     5 |     2 ||     9
 Stab: Invisible         |       |       |     1 |       ||     1
Armor: Scale mail        |    14 |       |       |       ||    14
       Chain mail        |    22 |    33 |   177 |    12 ||   244
Dodge: Dodged            |    27 |     7 |    79 |     3 ||   116
Block: Buckler           |    15 |    19 |    89 |     2 ||   125

Table legend: (Time is in decaauts)
 A = Elapsed time spent in this place.
 B = Non-inter-level travel time spent in this place.
 C = Inter-level travel time spent in this place.
 D = Time resting spent in this place.
 E = Time spent auto-exploring this place.
 F = Levels seen in this place.
 G = Mean time per level.
                   A        B        C        D        E       F      G
               +--------+--------+--------+--------+--------+-----+--------+
         Total |   9325 |   9325 |      0 |    502 |      0 |   9 | 1036.1 |
       Dungeon |   9241 |   9241 |      0 |    502 |      0 |   8 | 1155.1 |
          Lair |     84 |     84 |      0 |      0 |      0 |   1 |   84.0 |
               +--------+--------+--------+--------+--------+-----+--------+

Top non-repeatable levels by time:
     D:5: 2272 daAuts
     D:1: 1417 daAuts
     D:6: 1374 daAuts
     D:7: 1216 daAuts
     D:4: 985 daAuts
     D:2: 758 daAuts
     D:3: 721 daAuts
     D:8: 495 daAuts
  Lair:1: 84 daAuts
